 Dungeon Crawl Stone Soup version 0.31-a0-1424-g2add1c7226 (webtiles) character file.

Game seed: 7762269223210704174

3115 bjtr the Covert (level 9, 0/46 HPs)
             Began as a Vine Stalker Enchanter on Dec 27, 2023.
             Slain by a human
             ... wielding a +2 heavy hand axe
              (9 damage)
             ... in a bailey.
             The game lasted 00:31:13 (5556 turns).

bjtr the Covert (Vine Stalker Enchanter)            Turns: 5556, Time: 00:31:14

Health: 0/46       AC:  4    Str: 17    XL:     9   Next: 91%
Magic:  0/16       EV: 12    Int: 19    God:
Gold:   232        SH:  0    Dex: 15    Spells: 7/17 levels left

rFire   . . .        a - +4 rapier (venom)
rCold   . . .        (no shield)
rNeg    + . .        i - +1 leather armour
rPois   .            (no helmet)
rElec   .            (no cloak)
rCorr   .            (no gloves)
SInv    .            (no boots)
Will    +....        (no amulet)
Stlth   ++++         s - ring of positive energy
HPRegen 1.07/turn    v - +6 ring of strength
MPRegen 0.15/turn

%: guardian spirit
@: invisible
A: fangs 3, regeneration 1, magic shield, antimagic bite, no potion heal 2
a: no special abilities


You were in a bailey.
You visited 2 branches of the dungeon, and saw 8 of its levels.
You also visited: Bailey.

You collected 307 gold pieces.
You spent 75 gold pieces at shops.

Inventory:

Hand Weapons
 a - a +4 rapier of venom (weapon)
 g - a +0 short sword
 n - a +0 antimagic short sword
 t - a +0 sling
 x - a +0 rapier
 y - a +2 dagger
Missiles
 m - 2 datura-tipped darts
 p - 12 poisoned darts
Armour
 b - a +0 robe
 i - a +1 leather armour (worn)
Magical Staves
 d - a staff of alchemy
 z - a staff of fire
Jewellery
 s - a ring of positive energy (left hand)
 v - a +6 ring of strength (right hand)
Scrolls
 j - 3 scrolls of teleportation
 k - 2 scrolls of identify
 l - 3 scrolls of noise
 o - a scroll of revelation
 u - a scroll of enchant armour
 w - a scroll of acquirement {unknown}
 B - 3 scrolls of poison
Potions
 c - a potion of invisibility
 e - a potion of curing
 f - 2 potions of haste
 q - a potion of might
 r - a potion of ambrosia {unknown}
 A - a potion of resistance {unknown}


   Skills:
 * Level 4.5 Fighting
 + Level 7.0 Short Blades
 + Level 3.1 Armour
 + Level 3.1 Dodging
 + Level 8.6 Stealth
 + Level 4.5 Spellcasting
 + Level 5.1 Hexes


You had 7 spell levels left.
You knew the following spells:

 Your Spells              Type           Power      Damage    Failure   Level
a - Slow                  Hex            92%        N/A       1%          1
b - Confusing Touch       Hex            23%        N/A       5%          3
c - Ensorcelled Hibernat  Hex/Ice        28%        N/A       9%          2
d - Tukima's Dance        Hex            23%        N/A       5%          3
e - Summon Small Mammal   Summ           16%        N/A       16%         1

Your spell library contained the following spells:

 Spells                   Type           Power      Damage    Failure   Level
 Sigil of Binding         Hex            23%        N/A       5%          3
 Apportation              Tloc           8%         N/A       16%         1
 Necrotise                Necr           16%        1d4       16%         1
 Sting                    Conj/Alch      16%        1d4       16%         1
 Dazzling Flash           Conj/Hex       28%        N/A       16%         3
 Vampiric Draining        Necr           4%         2d6       43%         3
 Volatile Blastmotes      Fire/Tloc      8%         2d10      43%         3
 Starburst                Conj/Fire      2%         6d3       100%        6
 Maxwell's Capacitive Co  Air            2%         ∞         100%        8


Dungeon Overview and Level Annotations

Branches:
Dungeon (7/15)             Temple (1/1) D:5          Bailey (1/1)

Altars:
Ashenzari
Cheibriados
Elyvilon
Fedhas
Kikubaaqudgha
Makhleb
Okawaru
Qazlal
Ru
Sif Muna
Uskayaw
Wu Jian
Yredelemnul
Zin

Shops:
D:5 [*([

Annotations:
D:7 Dowan, Duvessa


Innate Abilities, Weirdness & Mutations

You have razor-sharp teeth.
Your natural rate of healing is unusually fast.
When hurt, damage is shared between your health and your magic reserves.
Your bite disrupts and absorbs the magic of your enemies.
Potions cannot restore your health.


Message History

Your Armour skill increases to level 3!
There is a gate leading back out of this place here.
Okay, then.
Blink to where?
Press: ? - help, Dir - move target
As you read the scroll of blinking, it crumbles to dust.
Casting: Confusing Touch (dangerous; 6% risk of failure)
Confirm with . or Enter, or press ? or * to list all spells.
Aiming: Tukima's Dance (dangerous; 6% risk of failure)
Press: ? - help, Shift-Dir - straight line, f - human
Aim: a human, wielding a +1 heavy hand axe and wearing a +0 scale mail (almost dead, very poisoned, chance to affect: 55%)
The human resists with significant effort.
You kill the human!
Your Dodging skill increases to level 3!
You fade into invisibility!
The goblin barely misses you.
The human hits you with a +2 heavy hand axe!
* * * LOW HITPOINT WARNING * * *
You barely miss the human. The human barely misses you.
You catch the helpless human completely off-guard!
You impale the human!!
The human looks as sick as possible!
You bite the human. You drain its power.
You feel invigorated.
The human is almost dead.
The human hits you with a +2 heavy hand axe.
* * * LOW HITPOINT WARNING * * *
You hit the human.
The human is poisoned.
The human is lightly wounded.
You kill the human!
Your Short Blades skill increases to level 7!
You hit the human but do no damage.
The human looks as sick as possible!
Your bite misses the human.
The human is lightly wounded.
The human hits you with a +2 heavy hand axe.
* * * LOW HITPOINT WARNING * * *
You catch the helpless human completely off-guard!
You puncture the human!
The human looks as sick as possible!
Your bite misses the human.
The human is severely wounded.
The human hits you with a +2 heavy hand axe!
You die...

#.∩.∩.#
######.....#
#....##.).##
.....#g#'#
#....#
##...# #...#
#gp.# #)@##
#..'......
####......
#..... ....#
..## ##


You could see a human (unable to see you, extremely poisoned), a hobgoblin
(unable to see you) and a goblin (unable to see you).

Vanquished Creatures
  A troll (D:6)
  Prince Ribbit (D:5)
  Grinder (D:5)
  Eustachio (D:5)
  5 humans (Bailey)
  A steam dragon (D:5)
  A water moccasin (D:6)
  2 orc warriors
  A black bear (D:4)
  2 ice beasts
  2 ogres
  2 phantoms
  2 scorpions
  A jelly (D:5)
  A howler monkey (D:7)
  A bombardier beetle (D:4)
  An orc priest (D:5)
  5 hounds
  A sleepcap (D:4)
  2 iguanas
  6 adders
  3 gnolls
  3 white imps
  A worm (D:3)
  4 dart slugs
  18 orcs
  6 bats
  8 endoplasms
  3 giant cockroaches
  5 goblins
  5 hobgoblins
  3 jackals (D:2)
  2 quokkas
  10 ball pythons
  4 frilled lizards
  4 kobolds
  A rat (D:2)
120 creatures vanquished.

Vanquished Creatures (collateral kills)
  A hobgoblin (D:4)
1 creature vanquished.

Vanquished Creatures (others)
  A dancing weapon (D:5)
1 creature vanquished.

Grand Total: 122 creatures vanquished

Notes
Turn   | Place    | Note
-------+----------+-------------------------------------------
     0 | D:1      | bjtr the Vine Stalker Enchanter began the quest for the
                  | Orb.
     0 | D:1      | Reached XP level 1. HP: 9/9 MP: 4/4
    57 | D:1      | Reached skill level 1 in Short Blades
   182 | D:1      | Reached XP level 2. HP: 13/13 MP: 6/6
   681 | D:1      | Reached skill level 4 in Stealth
   836 | D:2      | Reached XP level 3. HP: 16/16 MP: 7/7
   966 | D:2      | Found a faded altar of an unknown god.
  1303 | D:2      | Reached XP level 4. HP: 21/21 MP: 5/8
  1669 | D:3      | Found a sacrificial altar of Ru.
  1740 | D:3      | Learned a level 1 spell: Slow
  1744 | D:3      | Learned a level 3 spell: Confusing Touch
  1747 | D:3      | Learned a level 2 spell: Ensorcelled Hibernation
  1881 | D:3      | Noticed an ogre
  1920 | D:3      | Killed an ogre
  1921 | D:3      | Reached skill level 5 in Stealth
  1921 | D:3      | Reached XP level 5. HP: 21/24 MP: 1/9
  2432 | D:4      | HP: 1/24 [gnoll/+0 halberd (5)]
  2433 | D:4      | Noticed a black bear
  2453 | D:4      | Reached XP level 6. HP: 10/28 MP: 5/11
  2624 | D:4      | Killed a black bear
  2984 | D:4      | Learned a level 3 spell: Tukima's Dance
  3061 | D:4      | Reached skill level 6 in Stealth
  3061 | D:4      | Reached XP level 7. HP: 32/32 MP: 12/12
  3065 | D:4      | Found a basalt altar of Yredelemnul.
  3496 | D:5      | Entered Level 5 of the Dungeon
  3538 | D:5      | Found Loop's Armour Boutique.
  3539 | D:5      | Found Ydghyg's General Store.
  3543 | D:5      | Found Sufes Gau's Antique Weapon Shop.
  3543 | D:5      | Found Heobesic's Armour Boutique.
  3593 | D:5      | Bought a scroll of poison for 60 gold pieces
  3593 | D:5      | Bought a potion of degeneration for 15 gold pieces
  3644 | D:5      | Noticed Eustachio
  3716 | D:5      | Found a staircase to the Ecumenical Temple.
  3718 | D:5      | Found an iron altar of Okawaru.
  3719 | D:5      | Noticed Grinder
  3735 | D:5      | Killed Grinder
  3736 | D:5      | Reached skill level 5 in Short Blades
  3767 | Temple   | Entered the Ecumenical Temple
  3847 | D:5      | Killed Eustachio
  3848 | D:5      | Reached skill level 7 in Stealth
  3848 | D:5      | Gained mutation: You have razor-sharp teeth. [Vine Stalker
                  | growth]
  3848 | D:5      | Reached XP level 8. HP: 37/37 MP: 14/14
  3945 | D:5      | Found a burning altar of Makhleb.
  3946 | D:5      | Found a glowing silver altar of Zin.
  3946 | D:5      | Noticed an angel
  3947 | D:5      | Noticed an Executioner
  3996 | D:5      | Reached skill level 1 in Fighting
  4014 | D:5      | Reached skill level 1 in Armour
  4085 | D:5      | Noticed Prince Ribbit
  4093 | D:5      | Killed Prince Ribbit
  4223 | D:5      | Learned a level 1 spell: Summon Small Mammal
  4771 | D:6      | Reached XP level 9. HP: 43/43 MP: 16/16
  4828 | D:6      | Reached skill level 8 in Stealth
  5278 | D:6      | Noticed a troll
  5294 | D:6      | Killed a troll
  5324 | D:6      | Found a broken altar of Ashenzari.
  5378 | D:7      | Noticed Duvessa
  5378 | D:7      | Noticed Dowan
  5460 | D:7      | Found a flagged portal.
  5474 | D:7      | Reached skill level 5 in Hexes
  5506 | Bailey   | Entered a bailey
  5556 | Bailey   | Slain by a human

Illustrated notes

Levels and vault maps discovered:
D:1:      ncdulo_wetmaze, layout_loops_corners, hangedman_abyss_or_decor_stabs
D:2:      layout_basic, hellmonk_ecumenical_altar_dog_temple
D:3:      layout_loops_ring, nicolae_ru_awakened_eye
D:4:      cheibrodos_barr_body, layout_basic, marbit_many_paths,
          nicolae_tricolors
D:5:      layout_basic, grunt_temple_overflow_order_and_chaos_2,
          overflow_temple_1_default, nicolae_shop_national_dungeon_mall,
          uniq_grinder, uniq_eustachio, uniq_prince_ribbit1
D:6:      layout_loops_ring, nicolae_overflow_hidden_temple,
          nicolae_twisty_statue_hallways
D:7:      layout_basic, trog_ov_bears_minmay, nzn_hepliaklqana_mist_gate,
          nemelex_dance_club_becter, enter_bailey_2, uniq_duvessa
Temple:   hellmonk_temple_forest_ring
Bailey:   bailey_axe_froggy_fort_hellmonk, bailey

Skill      XL: |  1  2  3  4  5  6  7  8  9 |
---------------+----------------------------+-----
Short Blades   | 1 2 3 4 5 6 7 |  7.0
Stealth        | 4 5 6 7 8 |  8.6
Spellcasting   | 3 4 |  4.5
Hexes          | 4 5 |  5.1
Fighting       | 2 4 |  4.5
Armour         | 2 3 |  3.1
Dodging        | 2 3 |  3.1

Action                     |  1- 3 |  4- 6 |  7- 9 || total
---------------------------+-------+-------+-------++-------
  Melee: Dagger            |    96 |   140 |    57 ||   293
         Bite              |    23 |    51 |    70 ||   144
         Punch             |       |     1 |       ||     1
         Rapier            |       |       |   144 ||   144
   Cast: Ensorcelled Hiber |       |     5 |       ||     5
         Slow              |       |     2 |     4 ||     6
         Confusing Touch   |       |     2 |     3 ||     5
         Tukima's Dance    |       |       |     2 ||     2
    Use: Scroll            |       |     9 |     8 ||    17
         Potion            |       |     4 |     1 ||     5
   Stab: Sleeping          |     7 |     6 |     5 ||    18
         Confused          |       |     1 |     4 ||     5
         Distracted        |       |       |     1 ||     1
         Invisible         |       |       |     2 ||     2
 Armour: Robe              |    41 |    18 |       ||    59
         Leather armour    |       |    58 |   110 ||   168
  Dodge: Dodged            |    59 |    77 |   107 ||   243

Table legend: (Time is in decaauts)
 A = Elapsed time spent in this place.
 B = Non-inter-level travel time spent in this place.
 C = Inter-level travel time spent in this place.
 D = Time resting spent in this place.
 E = Time spent auto-exploring this place.
 F = Levels seen in this place.
 G = Mean time per level.
                   A        B        C        D        E       F      G
               +--------+--------+--------+--------+--------+-----+--------+
         Total |   5497 |   5307 |    190 |    320 |   3556 |   9 |  610.8 |
       Dungeon |   5450 |   5260 |    190 |    320 |   3556 |   7 |  778.6 |
        Temple |      1 |      1 |      0 |      0 |      0 |   1 |    1.0 |
        Bailey |     45 |     45 |      0 |      0 |      0 |   1 |   45.0 |
               +--------+--------+--------+--------+--------+-----+--------+

Top non-repeatable levels by time:
     D:4: 1093 daAuts
     D:5: 1034 daAuts
     D:6: 848 daAuts
     D:2: 824 daAuts
     D:3: 787 daAuts
     D:1: 763 daAuts
     D:7: 100 daAuts
  Bailey: 45 daAuts
  Temple: 1 daAuts
